 Dungeon Crawl Stone Soup version 0.31-a0-664-g902f515a81 (webtiles) character file.

Game seed: 15959403173387075939

528 arthad the Ruffian (level 7, -5/66 HPs)
             Began as a Troll Shapeshifter on Sept 2, 2023.
             Slain by a water moccasin (6 damage)
             ... on level 5 of the Dungeon.
             The game lasted 00:04:42 (3574 turns).

arthad the Ruffian (Troll Shapeshifter)             Turns: 3574, Time: 00:04:42

Health: -5/66      AC:  4    Str: 31    XL:     7   Next: 3%
Magic:  6/6        EV: 10    Int:  6    God:
Gold:   280        SH:  0    Dex: 15    Spells: 6/6 levels left

rFire   . .          .
                       - Unarmed
rCold   . . .        (no shield)
rNeg    . . .        a - +0 animal skin
rPois   .            (helmet currently unavailable)
rElec   .            (cloak currently unavailable)
rCorr   .            (gloves unavailable)
SInv    .            (boots unavailable)
Will    .....        (no amulet)
Stlth   ++           v - +6 ring of dexterity
HPRegen 1.11/turn    y - +6 ring of strength
MPRegen 0.10/turn

%: no passive effects
@: brilliant, lethally poisoned (-5 -> -6), beast-form, slowed, very slow
A: beast (slay +2), large, unfitting armour, claws 3, regeneration 1, shaggy fur
1, tough skin 1
a: Begin Untransformation


You were on level 5 of the Dungeon.
You were a hulking beast.
You visited 2 branches of the dungeon, and saw 6 of its levels.

You collected 280 gold pieces.

Inventory:

Missiles
 g - a curare-tipped dart
 m - 3 poisoned darts (quivered)
 z - 2 boomerangs
Armour
 a - a +0 animal skin (worn)
 B - the +1 leather armour "Jol Cir" {rC++ rCorr Str+3 Int+3}
   (You found it on level 4 of the Dungeon)

   Str+3:     It affects your strength (+3).
   Int+3:     It affects your intelligence (+3).
   rC++:      It greatly protects you from cold.
   rCorr:     It protects you from acid and corrosion.
Jewellery
 f - a ring of see invisible
 l - a ring of resist corrosion
 o - a ring of magical power
 v - a +6 ring of dexterity (left claw)
 y - a +6 ring of strength (right claw)
Talismans
 c - a beast talisman (active)
 d - a flux talisman
Wands
 A - a wand of iceblast (18)
Scrolls
 h - 4 scrolls of teleportation {unknown}
 n - a scroll of torment {unknown}
 p - 6 scrolls of identify {unknown}
 q - a scroll of summoning {unknown}
 r - 3 scrolls of amnesia {unknown}
 s - 2 scrolls of silence {unknown}
 u - a scroll of fear {unknown}
Potions
 b - a potion of lignification
 e - a potion of degeneration {unknown}
 i - a potion of enlightenment {unknown}
 j - a potion of resistance {unknown}
 k - a potion of might {unknown}
 t - a potion of berserk rage {unknown}
 w - 2 potions of attraction {unknown}
 x - 2 potions of brilliance
 C - a potion of mutation {unknown}


   Skills:
 * Level 2.8 Fighting
 + Level 0.0 Throwing
 + Level 1.8 Armour
 + Level 2.4 Dodging
 + Level 1.2 Stealth
 * Level 4.6 Unarmed Combat
 * Level 4.3 Shapeshifting


You had 6 spell levels left.
You didn't know any spells.
Your spell library contained the following spells:

 Spells                   Type           Power      Damage    Failure   Level
 Ensorcelled Hibernation  Hex/Ice        0%         N/A       58%         2
 Passwall                 Tmut/Erth      0%         N/A       58%         2
 Swiftness                Air            0%         N/A       83%         3


Dungeon Overview and Level Annotations

Branches:
Dungeon (5/15)             Temple (1/1) D:4

Altars:
Dithmenos
Elyvilon
Fedhas
Gozag
Nemelex Xobeh
Sif Muna
Vehumet
Wu Jian
Xom
The Shining One

Shops:
D:1 =


Innate Abilities, Weirdness & Mutations

You are a hulking beast.
Your limbs bulge with bestial killing power. (Slay +2)
You are too large for most types of armour.
You have claws for hands.
Your natural rate of healing is unusually fast.
You are covered in fur. (AC +1)
You have tough skin. (AC +1)


Message History

The white imp sputters.
The white imp gestures at you. The puff of frost hits you.
You miss the water moccasin. The water moccasin bites you!
The white imp hits you but does no damage.
The water moccasin bites you but does no damage.
You claw the water moccasin!
The water moccasin is heavily wounded.
The water moccasin barely misses you.
The white imp hits you but does no damage.
The water moccasin barely misses you. The white imp hits you.
The white imp freezes you.
You are too injured to fight recklessly!
You are too injured to fight recklessly!
You are too injured to fight recklessly!
You are too injured to fight recklessly!
You closely miss the water moccasin.
The water moccasin is heavily wounded.
The water moccasin bites you!
The white imp hits you but does no damage.
The water moccasin bites you.
You are poisoned.
The water moccasin poisons you!
You claw the water moccasin!
The water moccasin is almost dead.
You feel very sick. The water moccasin barely misses you.
The white imp hits you.
* * * LOW HITPOINT WARNING * * *
The white imp freezes you.
* * * LOW HITPOINT WARNING * * *
The water moccasin bites you but does no damage.
The white imp gestures at you. The puff of frost misses you.
It was a potion of brilliance.
You feel clever all of a sudden.
You feel very sick. The water moccasin bites you.
* * * LOW HITPOINT WARNING * * *
The water moccasin bites you.
You die...

......########..#
.....## #..###
###### ##.#.#
####>#.#
###....#.## ##
#.........##...
..###...........
#.$.........
#.#..h(......
#.#.S5(.....#
..#.........#
..............
.............
...............
...............
...............


You could see a water moccasin and a white imp.

Vanquished Creatures
  Grinder (D:3)
  A kobold brigand (D:5)
  A bullfrog (D:4)
  An orc wizard (D:4)
  3 gnolls (D:4)
  5 adders
  2 worms
  2 dart slugs
  8 orcs (D:4)
  6 endoplasms
  2 giant cockroaches (D:1)
  7 goblins
  4 hobgoblins (D:1)
  4 jackals (D:3)
  11 kobolds
  5 quokkas
  8 ball pythons
  5 bats
  6 frilled lizards
  5 rats
87 creatures vanquished.

Notes
Turn   | Place    | Note
-------+----------+-------------------------------------------
     0 | D:1      | arthad the Troll Shapeshifter began the quest for the Orb.
     0 | D:1      | Reached XP level 1. HP: 18/18 MP: 0/0
    31 | D:1      | Found a faded altar of an unknown god.
   109 | D:1      | Reached skill level 1 in Fighting
   241 | D:1      | Reached XP level 2. HP: 27/27 MP: 1/1
   390 | D:1      | Found Mirhow's Jewellery Boutique.
  1014 | D:2      | Reached XP level 3. HP: 31/33 MP: 2/2
  1833 | D:3      | Reached XP level 4. HP: 41/41 MP: 3/3
  1872 | D:3      | Found a shimmering blue altar of Sif Muna.
  1999 | D:3      | Noticed Grinder
  2002 | D:3      | Paralysed by Grinder for 3 turns
  2027 | D:3      | Killed Grinder
  2028 | D:3      | Reached skill level 1 in Armour
  2028 | D:3      | Reached skill level 1 in Stealth
  2028 | D:3      | Reached XP level 5. HP: 29/49 MP: 4/4
  2028 | D:3      | Reached XP level 6. HP: 34/57 MP: 5/5
  2652 | D:4      | Found a staircase to the Ecumenical Temple.
  2707 | Temple   | Entered the Ecumenical Temple
  2829 | D:4      | Found an opulent altar of Gozag.
  3253 | D:4      | Identified the +1 leather armour "Jol Cir" {rC++ rCorr
                  | Str+3 Int+3}
  3375 | D:4      | Found a sparkling altar of Nemelex Xobeh.
  3428 | D:5      | Entered Level 5 of the Dungeon
  3538 | D:5      | Reached XP level 7. HP: 44/66 MP: 6/6
  3574 | D:5      | HP: 1/66 [water moccasin (6)]
  3574 | D:5      | Slain by a water moccasin

Illustrated notes

Levels and vault maps discovered:
D:1:      dpeg_arrival_pond, layout_basic, serial_shops,
          nicolae_shop_gaudy_bauble, shapermc_ecumenical_altar_notcrosses
D:2:      layout_basic
D:3:      layout_basic, mainiacjoe_overflow_boulevard, serial_bayou_lake_a,
          uniq_grinder
D:4:      layout_loops_cross, mainiacjoe_overflow_alcove_2, marbit_many_paths,
          minmay_temple_entry_mini_moons, hangedman_abyss_or_decor_slice
D:5:      layout_layer_cave, lightli_corner_chamber
Temple:   nicolae_temple_little_seven

Skill      XL: |  1  2  3  4  5  6 |
---------------+-------------------+-----
Fighting       | 1 2 |  2.8
Armour         | 1 |  1.8
Dodging        | 2 |  2.4
Stealth        | 1 |  1.2
Unarmed Combat | 4 |  4.6
Shapeshifting  | 4 |  4.3

Action                     |  1- 3 |  4- 6 |  7- 9 || total
---------------------------+-------+-------+-------++-------
  Melee: Unarmed           |   101 |    90 |    16 ||   207
         Punch             |     2 |     1 |       ||     3
  Throw: Dart              |       |     4 |       ||     4
    Use: Potion            |       |     2 |     1 ||     3
   Stab: Sleeping          |     1 |     3 |       ||     4
 Armour: Animal skin       |    52 |    53 |    27 ||   132
  Dodge: Dodged            |    37 |    36 |    11 ||    84

Table legend: (Time is in decaauts)
 A = Elapsed time spent in this place.
 B = Non-inter-level travel time spent in this place.
 C = Inter-level travel time spent in this place.
 D = Time resting spent in this place.
 E = Time spent auto-exploring this place.
 F = Levels seen in this place.
 G = Mean time per level.
                   A        B        C        D        E       F      G
               +--------+--------+--------+--------+--------+-----+--------+
         Total |   3580 |   3458 |    122 |      6 |   2936 |   6 |  596.7 |
       Dungeon |   3578 |   3456 |    122 |      6 |   2936 |   5 |  715.6 |
        Temple |      1 |      1 |      0 |      0 |      0 |   1 |    1.0 |
               +--------+--------+--------+--------+--------+-----+--------+

Top non-repeatable levels by time:
     D:1: 987 daAuts
     D:4: 936 daAuts
     D:2: 824 daAuts
     D:3: 659 daAuts
     D:5: 169 daAuts
  Temple: 1 daAuts
